 Dungeon Crawl Stone Soup version 0.31-a0-40-g1d5085d191 (webtiles) character file.

Game seed: 16108969304872659549

344 bande the Covered (level 6, 0/39 HPs)
             Began as a Gargoyle Fighter on May 17, 2023.
             Slain by a gnoll sergeant
             ... wielding a +2 trident of freezing
              (10 damage)
             ... on level 4 of the Dungeon.
             The game lasted 00:03:29 (4430 turns).

bande the Covered (Gargoyle Fighter)                Turns: 4430, Time: 00:03:30

Health: 0/39       AC: 14    Str: 19    XL:     6   Next: 58%
Magic:  0/6        EV:  9    Int:  9    God:
Gold:   179        SH:  4    Dex: 11    Spells: 5/5 levels left

rFire   . . .        a - +0 war axe
rCold   . . .        c - +0 buckler
rNeg    + . .        b - +0 scale mail
rPois   ∞            (no helmet)
rElec   +            (no cloak)
rCorr   .            k - +2 pair of gloves {infuse}
SInv    .            (no boots)
Will    .....        (no amulet) Stlth
                     (no ring)
HPRegen 0.26/turn    (no ring)
MPRegen 0.10/turn

%: no passive effects
@: no status effects
A: sickness immunity, AC +4, negative energy resistance 1, electricity
resistance, torment resistance 1, petrification resistance
a: no special abilities


You were on level 4 of the Dungeon.
You visited 1 branch of the dungeon, and saw 4 of its levels.

You collected 179 gold pieces.

Inventory:

Hand Weapons
 a - a +0 war axe (weapon)
 i - a +1 heavy mace
Armour
 b - a +0 scale mail (worn)
 c - a +0 buckler (worn)
 k - a +2 pair of gloves of infusion (worn)
Jewellery
 x - a +4 ring of slaying
Wands
 q - a wand of roots (13)
 v - a wand of mindburst (20)
Scrolls
 f - 3 scrolls of identify {unknown}
 j - a scroll of teleportation {unknown}
 m - 3 scrolls of enchant weapon {unknown}
 r - a scroll of enchant armour {unknown}
 s - a scroll of noise {unknown}
 t - 2 scrolls of immolation {unknown}
 u - a scroll of blinking {unknown}
 w - a scroll of silence {unknown}
Potions
 d - 2 potions of might
 e - a potion of resistance {unknown}
 g - 2 potions of flight {unknown}
 h - a potion of ambrosia {unknown}
 l - 2 potions of heal wounds {unknown}
 n - a potion of mutation {unknown}
 o - 2 potions of lignification {unknown}
 p - a potion of magic {unknown}
 z - a potion of brilliance {unknown}


   Skills:
 + Level 4.4 Fighting
 + Level 4.3 Axes
 + Level 4.5 Armour
 + Level 3.8 Shields
 * Level 1.5 Evocations


You had 5 spell levels left.
You didn't know any spells.
Your spell library was empty.

Dungeon Overview and Level Annotations

Branches:
Dungeon (4/15)
 Temple: D:4-7

Altars:
Vehumet

Annotations:
D:1 2 transporters


Innate Abilities, Weirdness & Mutations

You are immune to sickness and miasma.
Your stone body is resilient. (AC +4)
You are immune to poison.
You resist negative energy. (rN+)
You are resistant to electric shocks. (rElec)
You are resistant to unholy torment.
You are immune to petrification.


Message History

You hit the gnoll sergeant. You closely miss the gnoll.
The gnoll sergeant hits you with a +2 trident of freezing!
The gnoll sergeant freezes you. The gnoll hits you but does no damage.
You block the gnoll sergeant's attack. You block the gnoll's attack.
The gnoll hits you but does no damage.
You barely miss the gnoll sergeant.
The gnoll sergeant is lightly wounded.
You slash the gnoll! You hit the gnoll.
The gnoll sergeant hits you but does no damage.
The gnoll hits you but does no damage. x2
You hit the gnoll sergeant.
The gnoll sergeant is moderately wounded.
You closely miss the gnoll. You hit the gnoll but do no damage.
You block the gnoll sergeant's attack. The gnoll misses you.
The gnoll barely misses you.
Unknown command.
You closely miss the gnoll sergeant.
The gnoll sergeant is moderately wounded.
You barely miss the gnoll. You hit the gnoll.
You kill the gnoll!
You block the gnoll sergeant's attack. The gnoll barely misses you.
The gnoll sergeant barely misses you. The gnoll misses you.
Unknown command.
You hit the gnoll sergeant.
The gnoll sergeant is moderately wounded.
You barely miss the gnoll.
The gnoll sergeant hits you with a +2 trident of freezing.
* * * LOW HITPOINT WARNING * * *
The gnoll sergeant freezes you.
* * * LOW HITPOINT WARNING * * *
The gnoll hits you but does no damage.
You slash the gnoll sergeant!
The gnoll sergeant is heavily wounded.
You closely miss the gnoll. You block the gnoll sergeant's attack.
The gnoll hits you but does no damage.
You closely miss the gnoll sergeant.
The gnoll sergeant is heavily wounded.
You hit the gnoll but do no damage.
The gnoll sergeant hits you with a +2 trident of freezing!
You die...

#.###.......#
#######.# #........
≈≈≈≈≈≈≈.###.##.###.
#≈≈≈##≈.....##.###.
#≈#######≈##.####.....
#≈≈#.).#≈≈##.# #####.
#≈≈#...#≈≈##.# #.
#≈≈#)gg#≈≈##.########.
#≈###@###≈...#........
#≈##≈.≈##≈####.######.
#≈≈≈≈.≈≈≈≈####.# ##.
#.###.###......# #..
##.##...)####### #..
##.###.## #.. #..#[##
##. #.#.## #. #.#.# #.


You could see a gnoll sergeant and a gnoll.

Vanquished Creatures
  2 scorpions (D:4)
  Terence (D:2)
  An orc wizard (D:3)
  An iguana (D:4)
  2 gnolls (D:4)
  4 adders
  A dart slug (D:1)
  6 orcs (D:3)
  9 bats
  10 endoplasms
  4 giant cockroaches
  7 goblins
  7 hobgoblins
  6 jackals
  10 kobolds
  2 quokkas (D:3)
  5 ball pythons
  2 frilled lizards (D:2)
  8 rats
88 creatures vanquished.

Notes
Turn   | Place    | Note
-------+----------+-------------------------------------------
     0 | D:1      | bande the Gargoyle Fighter began the quest for the Orb.
     0 | D:1      | Reached XP level 1. HP: 14/14 MP: 1/1
   211 | D:1      | Reached XP level 2. HP: 15/19 MP: 2/2
   563 | D:1      | Reached XP level 3. HP: 24/24 MP: 3/3
  1311 | D:2      | Noticed Terence
  1321 | D:2      | Killed Terence
  1322 | D:2      | Reached XP level 4. HP: 22/29 MP: 0/4
  2603 | D:3      | Reached XP level 5. HP: 33/33 MP: 0/5
  3648 | D:4      | Found a radiant altar of Vehumet.
  3714 | D:4      | Reached skill level 1 in Evocations
  3787 | D:4      | Reached XP level 6. HP: 36/38 MP: 1/6
  4430 | D:4      | Slain by a gnoll sergeant

Illustrated notes

Levels and vault maps discovered:
D:1:      spicycebolla_arrival_transporter_tutorial, layout_loops_corners,
          minmay_misc_feat_tiny
D:2:      layout_basic, serial_bayou_pond_c, uniq_terence
D:3:      layout_basic
D:4:      layout_loops_ring, nicolae_vehumet_altar_sigil, minivault_1,
          lightli_minifort

Skill      XL: |  1  2  3  4  5 |
---------------+----------------+-----
Axes           | 2 3 4 |  4.3
Armour         | 4 |  4.5
Fighting       | 4 |  4.4
Evocations     | 1 |  1.5
Shields        | |  3.8

Action                     |  1- 3 |  4- 6 || total
---------------------------+-------+-------++-------
  Melee: War axe           |    76 |   161 ||   237
 Armour: Scale mail        |    39 |   115 ||   154
  Dodge: Dodged            |    42 |    78 ||   120
  Block: Buckler           |    19 |    37 ||    56

Table legend: (Time is in decaauts)
 A = Elapsed time spent in this place.
 B = Non-inter-level travel time spent in this place.
 C = Inter-level travel time spent in this place.
 D = Time resting spent in this place.
 E = Time spent auto-exploring this place.
 F = Levels seen in this place.
 G = Mean time per level.
                   A        B        C        D        E       F      G
               +--------+--------+--------+--------+--------+-----+--------+
         Total |   4526 |   4430 |     96 |    300 |   3533 |   4 | 1131.5 |
       Dungeon |   4526 |   4430 |     96 |    300 |   3533 |   4 | 1131.5 |
               +--------+--------+--------+--------+--------+-----+--------+

Top non-repeatable levels by time:
     D:1: 1339 daAuts
     D:2: 1179 daAuts
     D:3: 1100 daAuts
     D:4: 907 daAuts
